 Dungeon Crawl Stone Soup version 0.21-a0-229-g3587535 (webtiles) character file.

114 Leszczynek the Ruffian (level 4, -7/41 HPs)
             Began as a Troll Skald on Sept 1, 2017.
             Was an Initiate of the Shining One.
             Killed by nerve-wracking pain
             ... invoked by Grinder
              (12 damage)
             ... on level 6 of the Dungeon.
             The game lasted 00:05:28 (1080 turns).

Leszczynek the Ruffian (Troll Skald)                Turns: 1080, Time: 00:05:29

Health: -7/41      AC:  5    Str: 19    XL:     4   Next: 67%
Magic:  4/4        EV: 15    Int:  9    God:    the Shining One [......]
Gold:   138        SH:  0    Dex: 15    Spells: 2/5 levels left

rFire    . . .     SeeInvis +     - Unarmed
rCold    . . .     Gourm    +   (no shield)
rNeg     . . .     Faith    .   a - +0 robe
rPois    .         Spirit   .   (helmet restricted)
rElec    .         Reflect  .   (no cloak)
rCorr    .         Harm     .   (gloves unavailable)
MR       .....                  (boots unavailable)
Stlth    +.........             (no amulet)
HPRegen  0.53/turn              k - ring of see invisible
MPRegen  0.09/turn              (no ring)

@: agile, glowing
A: unfitting armour, claws 3, fast metabolism 3, gourmand, regeneration 1,
shaggy fur 1, tough skin 2
a: Renounce Religion


You were on level 6 of the Dungeon.
You worshipped the Shining One.
The Shining One was noncommittal.
You were full.

You visited 1 branch of the dungeon, and saw 6 of its levels.

You collected 138 gold pieces.

Inventory:

Missiles
 u - 12 bolts
Armour
 a - a +0 robe (worn)
Jewellery
 k - a ring of see invisible (left claw)
Wands
 j - a wand of flame (12/48)
Scrolls
 e - 2 scrolls of fog {unknown}
 h - 2 scrolls of remove curse {unknown}
 l - a scroll of magic mapping {unknown}
 m - 4 scrolls of identify {unknown}
 n - 4 scrolls of recharging {unknown}
 q - 2 scrolls of teleportation {unknown}
 r - 3 scrolls of fear {unknown}
 v - a scroll of random uselessness {unknown}
Potions
 c - a potion of resistance {unknown}
 i - 2 potions of invisibility {unknown}
 o - a potion of agility
 p - 2 potions of haste {unknown}
 s - a potion of berserk rage {unknown}
 w - a potion of mutation {unknown}
Books
 b - a book of Battle

   Spells                             Type                      Level
   a - Infusion                       Charms                       1
   b - Shroud of Golubria             Charms/Translocation         2
   c - Song of Slaying                Charms                       2
   d - Spectral Weapon                Hexes/Charms                 3
   e - Regeneration                   Charms/Necromancy            3
Comestibles
 d - 3 bread rations
 f - 4 meat rations


   Skills:
 - Level 1.5 Fighting
 - Level 1.9 Dodging
 + Level 5.0 Unarmed Combat
 - Level 1.2 Spellcasting
 - Level 2.0 Charms


You had 2 spell levels left.
You knew the following spells:

 Your Spells              Type           Power        Failure   Level  Hunger
a - Infusion              Chrm           #...         16%         1    ##.....
b - Shroud of Golubria    Chrm/Tloc      #.........   36%         2    ###....


Dungeon Overview and Level Annotations

Branches:
Dungeon (6/15)
 Temple: D:4-7

Altars:
Ru
The Shining One

Annotations:
D:6 Grinder, Prince Ribbit


Innate Abilities, Weirdness & Mutations

You are too large for most types of armour.
You have claws for hands.
Your metabolism is lightning-fast.
You like to eat raw meat.
Your natural rate of healing is unusually fast.
You are covered in fur. (AC +1)
You have very tough skin. (AC +2)


Message History

Grinder hits you.
You writhe in agony.
Grinder gestures at you. Pain shoots through your body!
The Shining One protects you from harm! Grinder hits you!
* * * LOW HITPOINT WARNING * * *
You writhe in agony.
The Shining One protects you from harm!
You can move again.
Unknown command.
Unknown command.
You feel better. Grinder gestures at you. Pain shoots through your body!
* * * LOW HITPOINT WARNING * * *
It was a potion of agility.
You feel agile all of a sudden. Grinder gestures at you.
Pain shoots through your body!
You die...

#. #. #.
###.### .
#.....####..
...........
#.........
#.@5.#
##...# #..##
#..# #..#
#... ....
.....


You could see Grinder.

Vanquished Creatures
  A crimson imp (D:3)
  A hound (D:3)
  A shadow imp (D:5)
  2 worms (D:3)
  A dart slug (D:5)
  An orc (D:4)
  5 bats
  2 giant cockroaches
  2 goblins
  4 hobgoblins
  4 jackals
  A quokka (D:3)
  A frilled lizard (D:2)
  5 kobolds
  3 rats
34 creatures vanquished.

Notes
Turn   | Place    | Note
-------+----------+-------------------------------------------
     0 | D:1      | Leszczynek the Troll Skald began the quest for the Orb.
     0 | D:1      | Reached XP level 1. HP: 19/19 MP: 1/1
   178 | D:1      | Reached XP level 2. HP: 27/27 MP: 2/2
   185 | D:1      | Learned a level 2 spell: Shroud of Golubria
   256 | D:2      | Reached skill level 3 in Unarmed Combat
   597 | D:3      | Found a sacrificial altar of Ru.
   612 | D:3      | Became a worshipper of Ru the Awakened
   663 | D:4      | Noticed an ogre
   667 | D:4      | Noticed a crimson imp
   674 | D:3      | Reached skill level 4 in Unarmed Combat
   674 | D:3      | Reached XP level 3. HP: 22/33 MP: 3/3
   677 | D:3      | Reached XP level 4. HP: 30/41 MP: 4/4
   881 | D:5      | Entered Level 5 of the Dungeon
   946 | D:5      | Found a glowing golden altar of the Shining One.
   969 | D:5      | Fell from the grace of Ru
   969 | D:5      | Became a worshipper of the Shining One
   980 | D:5      | fuck ru tbh
  1028 | D:6      | Noticed Prince Ribbit
  1052 | D:6      | Noticed Grinder
  1061 | D:6      | Reached skill level 5 in Unarmed Combat
  1072 | D:6      | Paralysed by Grinder for 6 turns
  1077 | D:6      | The Shining One protects you from harm!
  1078 | D:6      | HP: 1/41 [Grinder (11)]
  1078 | D:6      | The Shining One protects you from harm!
  1080 | D:6      | Killed from afar by Grinder

Vault maps used:
D:1:      roderic_dead_forest, serial_curves, eino_curves_04, eino_curves_04
D:3:      led_sif_pool, minivault_24, nicolae_ru_path_of_blood
D:4:      overflow_temple_1_default
D:5:      grunt_temple_overflow_lords_of_destruction, tso_metal_star,
          first_bread, uniq_edmund
D:6:      dk_noncrumbling_2, uniq_prince_ribbit1, uniq_grinder

Skill      XL: |  1  2  3  4 |
---------------+-------------+-----
Unarmed Combat | 4 5 |  5.0
Fighting       | |  1.5
Dodging        | |  1.9
Spellcasting   | |  1.2
Charms         | |  2.0

Action                   |  1- 3 |  4- 6 || total
-------------------------+-------+-------++-------
Melee: Unarmed           |    53 |    28 ||    81
       Punch             |     1 |     1 ||     2
  Use: Potion            |       |     3 ||     3
  Eat: Chunk             |    11 |     1 ||    12
Armor: Robe              |    35 |     3 ||    38
Dodge: Dodged            |    46 |    10 ||    56

Table legend:
 A = Spawn XP
 B = Non-spawn XP
 C = Spawn XP percentage of total XP
 D = Spawn monster count
 E = Non-spawn monster count
 F = Spawn count percentage of total count
 G = Total turns spent on level
                    A         B        C        D         E        F      G
               +---------+---------+-------+---------+---------+-------+---------
         Total |       0 |     164 |   0.0 |       0 |      34 |   0.0 |  1080
               +---------+---------+-------+---------+---------+-------+---------
           D:1 |       0 |      17 |   0.0 |       0 |       9 |   0.0 |   244
           D:2 |       0 |      12 |   0.0 |       0 |       9 |   0.0 |   282
           D:3 |       0 |     113 |   0.0 |       0 |      11 |   0.0 |   269
           D:4 |       0 |       3 |   0.0 |       0 |       1 |   0.0 |    86
           D:5 |       0 |      15 |   0.0 |       0 |       2 |   0.0 |   153
           D:6 |       0 |       4 |   0.0 |       0 |       2 |   0.0 |    46
               +---------+---------+-------+---------+---------+-------+---------
